 Dungeon Crawl Stone Soup version 0.28.0 (webtiles) character file.

Game seed: 9300345468129309680

88 Crownlay the Skirmisher (level 4, -2/37 HPs)
             Began as a Demonspawn Gladiator on Feb 12, 2022.
             Killed by divine providence
             ... invoked by an orc priest
              (14 damage)
             ... on level 3 of the Dungeon.
             The game lasted 00:02:08 (1883 turns).

Crownlay the Skirmisher (Demonspawn Gladiator)      Turns: 1883, Time: 00:02:08

Health: -2/37      AC:  7    Str: 14    XL:     4   Next: 30%
Magic:  4/4        EV: 11    Int: 10    God:
Gold:   130        SH:  0    Dex: 16    Spells: 3/3 levels left

rFire   . . .      SeeInvis .   a - +0 war axe
rCold   + . .      Faith    .   (no shield)
rNeg    . . .      Spirit   .   r - +0 ring mail {rC+}
rPois   .          Reflect  .   c - +0 helmet
rElec   .          Harm     .   (no cloak)
rCorr   .          Rampage  .   (no gloves)
Will    .....                   (no boots)
Stlth   +.........              (no amulet)
HPRegen 0.12/turn               (no ring)
MPRegen 0.09/turn               (no ring)

@: no status effects
A: sharp scales 1
a: no special abilities


You were on level 3 of the Dungeon.
You visited 1 branch of the dungeon, and saw 3 of its levels.

You collected 130 gold pieces.

Inventory:

Hand Weapons
 a - a +0 war axe (weapon)
Missiles
 d - 3 throwing nets (quivered)
Armour
 c - a +0 helmet (worn)
 r - a +0 ring mail of cold resistance (worn)
Scrolls
 f - a scroll of vulnerability {unknown}
 g - 2 scrolls of enchant weapon
 l - 2 scrolls of magic mapping
 m - a scroll of brand weapon {unknown}
 n - 2 scrolls of teleportation
 o - 2 scrolls of fear
 p - a scroll of noise {unknown}
Potions
 b - a potion of flight {unknown}
 e - a potion of lignification {unknown}
 h - a potion of haste {unknown}
 i - a potion of magic {unknown}
 j - a potion of cancellation {unknown}
 k - a potion of berserk rage {unknown}
 q - a potion of degeneration {unknown}


   Skills:
 * Level 3.9 Fighting
 + Level 3.4 Axes
 - Level 1.7 Throwing
 + Level 0.1 Armour
 - Level 2.6 Dodging


You had 3 spell levels left.
You didn't know any spells.
Your spell library contained the following spells:

 Spells                   Type           Power      Damage    Failure   Level
 Conjure Flame            Conj/Fire      0%         6-21      93%         3
 Ignite Poison            Fire/Tmut/Pois 0%         N/A       93%         3
 Stone Arrow              Conj/Erth      0%         3d7       93%         3
 Animate Armour           Summ/Erth      0%         N/A       100%        4
 Sticky Flame             Conj/Fire      0%         2d3       100%        4
 Lehudib's Crystal Spear  Conj/Erth      0%         10d2      100%        8


Dungeon Overview and Level Annotations

Branches:
Dungeon (3/15)

Altars:


Innate Abilities, Weirdness & Mutations

You are partially covered in razor-sharp scales. (AC +1, Slay +1)


Message History

No target in view!
No target in view!
No target in view!
No target in view!
You now have 92 gold pieces (gained 9).
You open the door.
There is an open door here.
You now have 104 gold pieces (gained 12).
You now have 117 gold pieces (gained 13).
Found a stone staircase leading up.
There is a stone staircase leading up here.
b - a glowing puce potion No target in view!
You now have 130 gold pieces (gained 13).
Found a whip.
You see here a +0 whip.
Found a stone staircase leading down.
There is a stone staircase leading down here.
As you open the door, it creaks loudly!
An orc and an orc priest come into view.
The orc shouts!
The orc priest shouts!
An orc comes into view. It is wielding a +0 whip.
The orc priest casts a cantrip, but nothing happens.
The orc shouts!
There are monsters nearby!
An orc priest and an orc wizard come into view.
The orc priest shouts!
There is an open door here.
The orc priest calls down the wrath of Beogh upon you.
Beogh smites you! The orc wizard casts a spell at you.
You resist with some effort. The orc barely misses you.
You slash the orc!
You kill the orc!
The orc priest mumbles some strange prayers to Beogh against you.
Beogh smites you!
The orc priest calls down the wrath of Beogh upon you.
Beogh smites you!
You die...

# #..## ##.......##
#####...####.........#
...........+.........+
#####...####.........#
# #..## #.......# #
#.## #.oo..# #.# #.oo#
#.# #)# ..# #@# ...
#.# #######.##########
.................#
#####.....#.##.#.#
##...##.##.#.#
##.###.##.#.###.# #.#
#.##.......# #.#
#.####.#####


You could see 2 orc priests, an orc wizard and an orc.

Vanquished Creatures
  4 adders
  2 worms (D:2)
  An orc (D:3)
  3 bats
  3 endoplasms
  5 giant cockroaches
  4 hobgoblins
  3 jackals (D:1)
  A quokka (D:2)
  5 ball pythons
  A frilled lizard (D:1)
  3 goblins
  4 kobolds
  8 rats
47 creatures vanquished.

Notes
Turn   | Place    | Note
-------+----------+-------------------------------------------
     0 | D:1      | Crownlay the Demonspawn Gladiator began the quest for the
                  | Orb.
     0 | D:1      | Reached XP level 1. HP: 16/16 MP: 1/1
   146 | D:1      | Gained mutation: You are partially covered in razor-sharp
                  | scales. (AC +1, Slay +1) [demonic ancestry]
   146 | D:1      | Reached XP level 2. HP: 23/23 MP: 2/2
   597 | D:2      | Reached XP level 3. HP: 24/29 MP: 3/3
  1414 | D:3      | Reached XP level 4. HP: 28/37 MP: 4/4
  1883 | D:3      | Killed from afar by an orc priest

Illustrated notes

Levels and vault maps discovered:
D:1:      saegor_arrival_miasma, layout_basic, minmay_liquid_box
D:2:      layout_basic, minmay_misc_feat_ornament
D:3:      layout_loops_corners, minmay_unequal

Skill      XL: |  1  2 |
---------------+-------+-----
Axes           | 3 |  3.4
Fighting       | 3 |  3.9
Throwing       | |  1.7
Armour         | |  0.1
Dodging        | |  2.6

Action                   |  1- 3 |  4- 6 || total
-------------------------+-------+-------++-------
Melee: War axe           |    78 |    12 ||    90
       Punch             |     1 |       ||     1
  Use: Scroll            |     4 |       ||     4
 Stab: Sleeping          |     2 |       ||     2
Armor: Leather armour    |    23 |     3 ||    26
       Ring mail         |       |     3 ||     3
Dodge: Dodged            |    46 |    10 ||    56
